 Dungeon Crawl Stone Soup version 0.30.0-29-ga12c61a403 (webtiles) character file.

Game seed: 16954044372801797891

93 monsoonserge the Magician (level 4, -2/24 HPs)
             Began as a Deep Elf Hedge Wizard on June 6, 2023.
             Slain by an iguana (9 damage)
             ... on level 4 of the Dungeon.
             The game lasted 00:08:34 (2169 turns).

monsoonserge the Magician (Deep Elf Hedge Wizard)   Turns: 2169, Time: 00:08:35

Health: -2/24      AC:  5    Str:  7    XL:     4   Next: 37%
Magic:  9/13       EV: 13    Int: 21    God:
Gold:   169        SH:  0    Dex: 14    Spells: 5/13 levels left

rFire   + . .        f - +0 dagger (venom)
rCold   + . .        (no shield)
rNeg    . . .        b - +0 robe
rPois   .            r - +0 helmet
rElec   .            o - scarf {rC+ rF+}
rCorr   .            p - +0 pair of gloves
SInv    .            e - +0 pair of boots
Will    .....        (no amulet)
Stlth   ++           (no ring)
HPRegen 0.24/turn    (no ring)
MPRegen 0.13/turn

%: no passive effects
@: on blink cooldown, very slightly contaminated
A: no striking features
a: no special abilities


You were on level 4 of the Dungeon.
You visited 1 branch of the dungeon, and saw 4 of its levels.

You collected 169 gold pieces.

Inventory:

Hand Weapons
 f - a +0 dagger of venom (weapon)
Missiles
 m - 3 silver javelins (quivered)
Armour
 b - a +0 robe (worn)
 c - a +0 hat
 e - a +0 pair of boots (worn)
 o - a scarf of resistance (worn)
 p - a +0 pair of gloves (worn)
 r - a +0 helmet (worn)
Scrolls
 a - a scroll of brand weapon {unknown}
 g - 4 scrolls of teleportation {unknown}
 i - a scroll of blinking {unknown}
 j - 4 scrolls of identify {unknown}
Potions
 d - 3 potions of magic
 h - a potion of resistance {unknown}
 k - 2 potions of curing {unknown}
 l - a potion of brilliance {unknown}
 n - a potion of might {unknown}
 q - a potion of flight {unknown}


   Skills:
 + Level 0.7 Short Blades
 + Level 3.6 Dodging
 - Level 3.0 Stealth
 - Level 5.0 Spellcasting
 * Level 2.5 Conjurations
 + Level 1.1 Summonings
 + Level 1.1 Translocations
 * Level 0.4 Air Magic
 * Level 0.8 Poison Magic


You had 5 spell levels left.
You knew the following spells:

 Your Spells              Type           Power      Damage    Failure   Level
a - Magic Dart            Conj           60%        1d6       3%          1
b - Blink                 Tloc           18%        N/A       11%         2
c - Call Imp              Summ           20%        N/A       11%         2
d - Mephitic Cloud        Conj/Pois/Air  10%        N/A       19%         3

Your spell library contained the following spells:

 Spells                   Type           Power      Damage    Failure   Level
 Slow                     Hex            20%        N/A       11%         1
 Poisonous Vapours        Pois/Air       14%        N/A       13%         2
 Cigotuvi's Dreadful Rot  Necr/Pois/Air  14%        N/A       14%         2
 Anguish                  Hex/Necr       2%         N/A       71%         4
 Cause Fear               Hex            2%         N/A       71%         4
 Freezing Cloud           Conj/Ice/Air   4%         6-21      90%         5
 Enfeeble                 Hex            2%         N/A       100%        7


Dungeon Overview and Level Annotations

Branches:
Dungeon (4/15)
 Temple: D:4-7

Altars:
Qazlal

Annotations:
D:3 Grinder


Message History

Your cerulean imp closely misses the quokka.
The quokka barely misses your cerulean imp.
The quokka bites your cerulean imp.
Your cerulean imp misses the quokka.
The quokka closely misses your cerulean imp.
Your cerulean imp hits the quokka but does no damage.
The quokka bites your cerulean imp but does no damage.
Your cerulean imp hits the quokka with a -3 spear.
The quokka bites your cerulean imp but does no damage.
Your cerulean imp hits the quokka from afar with a -3 spear.
The quokka dies!
There is a stone staircase leading up here.
You climb upwards.
Level annotation: Grinder
There is a stone staircase leading down here.
There is a stone staircase leading down here.
You climb downwards.
There is a stone staircase leading up here.
An iguana and a quokka come into view.
The iguana hisses angrily.
You hit the iguana but do no damage. The iguana bites you.
You hit the iguana.
The iguana is poisoned.
The iguana is lightly wounded.
The quokka closely misses you. The iguana misses you.
You hit the iguana but do no damage.
The iguana looks as sick as possible!
The iguana is lightly wounded.
The quokka bites you but does no damage.
The iguana bites you!
Ouch! That really hurt!
* * * LOW HITPOINT WARNING * * *
Unknown command.
Casting: Call Imp (safe; 11% risk of failure)
Confirm with . or Enter, or press ? or * to list all spells.
You blink.
The quokka bites you but does no damage.
Casting: Blink (safe; 11% risk of failure)
Confirm with . or Enter, or press ? or * to list all spells.
You miscast Call Imp.
You are very lightly contaminated with residual magic.
Nothing appears to happen.
The quokka closely misses you. The iguana bites you!
You die...

... .....## g. ...(... .
...... .... ##..##.#.
.... ##..# ...## ...#
#...# #.... ...### #...#
#.##.####......
####...####.##..@........
...#...##...###.lr....#.
........#.##....#.....#
..................##..#
..............##### ...
........<.....# ..
....^......##..... .
...<...............
5......#...........


You could see an iguana (extremely poisoned) and a quokka.

Vanquished Creatures
  2 gnolls
  An adder (D:2)
  A dart slug (D:1)
  A bat (D:2)
  5 endoplasms (D:1)
  2 giant cockroaches
  4 goblins
  5 hobgoblins
  7 jackals (D:2)
  9 kobolds
  A quokka (D:2)
  9 ball pythons
  9 frilled lizards
  5 rats
  A spectral hobgoblin (D:1)
62 creatures vanquished.

Vanquished Creatures (collateral kills)
  A quokka (D:4)
1 creature vanquished.

Grand Total: 63 creatures vanquished

Notes
Turn   | Place    | Note
-------+----------+-------------------------------------------
     0 | D:1      | monsoonserge the Deep Elf Hedge Wizard began the quest for
                  | the Orb.
     0 | D:1      | Reached XP level 1. HP: 10/10 MP: 7/7
   144 | D:1      | Reached skill level 5 in Spellcasting
   205 | D:1      | Reached XP level 2. HP: 13/15 MP: 3/10
   307 | D:1      | Learned a level 2 spell: Blink
   310 | D:1      | Learned a level 2 spell: Call Imp
   388 | D:1      | Found a faded altar of an unknown god.
   746 | D:1      | Reached XP level 3. HP: 12/19 MP: 9/11
   988 | D:1      | Learned a level 3 spell: Mephitic Cloud
  1722 | D:3      | Found a stormy altar of Qazlal.
  1747 | D:3      | Reached XP level 4. HP: 24/24 MP: 13/13
  1857 | D:3      | Noticed Grinder
  2169 | D:4      | Slain by an iguana

Illustrated notes

Levels and vault maps discovered:
D:1:      amcnicky_arrival_choice, layout_basic,
          dreamdust_ecumenical_altar_drowned_temple
D:2:      layout_rooms
D:3:      layout_loops_cross, amcnicky_altar_gilded, lemuel_round_altar,
          uniq_grinder, uniq_crazy_yiuf_cottage
D:4:      layout_rooms, dk_rats_in_the_wall

Skill      XL: |  1  2  3 |
---------------+----------+-----
Spellcasting   | 5 |  5.0
Stealth        | 3 |  3.0
Dodging        | 3 |  3.6
Conjurations   | 2 |  2.5
Short Blades   | |  0.7
Summonings     | |  1.1
Translocations | |  1.1
Air Magic      | |  0.4
Poison Magic   | |  0.8

Action                     |  1- 3 |  4- 6 || total
---------------------------+-------+-------++-------
  Melee: Dagger            |    80 |    24 ||   104
   Cast: Magic Dart        |    47 |     1 ||    48
         Call Imp          |       |     2 ||     2
         Blink             |       |     1 ||     1
   Stab: Sleeping          |     4 |     2 ||     6
 Armour: Robe              |    18 |     6 ||    24
  Dodge: Dodged            |    44 |    21 ||    65
